cohdb
Replays
Latest Replays
All Replays
Popular Replays
Top Player Replays
Match Explorer
How It Works
Community
CoH3 Stats
Reddit
Sign in to upload your games and track your stats! →
Sign in with Steam
Match 45589463
Unlisted
Match 45589463
Overview
Messages
Build Orders
End
Scout Squad
Selects Airborne Battlegroup
Selects Heavy Machine Gun Paradrop
Heavy Machine Gun Paradrop
Construct Weapon Support Center
Bazooka Squad
Bazooka Squad
Heavy Machine Gun Paradrop
Selects Paratrooper Squad Paradrop
Paratrooper Squad Paradrop
Air Support Center
Grasshopper Recon Run
P-47 Strafing Run
Bazooka Squad
AI Takeover
橘橘橘一
可怜的娃
Nightshift
Liberator4515
0
0
Comments
sign in to comment!
No comments posted yet!